 Dungeon Crawl Stone Soup version 0.21.1-1-g345015f (webtiles) character file.

139 HawkI the Cudgeler (level 5, 0/41 HPs)
             Began as a Human Fighter on Feb 18, 2018.
             Slain by a slave (2 damage)
             ... led by Pikel
             ... on level 3 of the Dungeon.
             The game lasted 00:10:10 (2374 turns).

HawkI the Cudgeler (Human Fighter)                  Turns: 2374, Time: 00:10:11

Health: 0/41       AC:  7    Str: 21    XL:     5   Next: 46%
Magic:  5/5        EV:  7    Int:  9    God:
Gold:   97         SH:  9    Dex: 13    Spells: 4/4 levels left

rFire    . . .     SeeInvis .   a - +0 flail
rCold    . . .     Gourm    .   c - +0 shield
rNeg     . . .     Faith    .   b - +0 scale mail
rPois    .         Spirit   .   n - +0 helmet
rElec    .         Reflect  .   (no cloak)
rCorr    .         Harm     .   (no gloves)
MR       .....                  (no boots)
Stlth    ..........             (no amulet)
HPRegen  0.13/turn              (no ring)
MPRegen  0.09/turn              (no ring)

@: mighty, about to teleport
A: no striking features
a: no special abilities


You were on level 3 of the Dungeon.
You were not hungry.

You visited 1 branch of the dungeon, and saw 4 of its levels.

You collected 97 gold pieces.

Inventory:

Hand Weapons
 a - a +0 flail (weapon)
Armour
 b - a +0 scale mail (worn)
 c - a +0 shield (worn)
 n - a +0 helmet (worn)
Scrolls
 e - a scroll of identify
 h - 3 scrolls of remove curse
 i - 2 scrolls of noise
 l - 2 scrolls of enchant armour {unknown}
 p - a scroll of magic mapping {unknown}
Potions
 j - a potion of mutation
 m - a potion of curing {unknown}
 o - a potion of agility {unknown}
Comestibles
 f - 7 rations


   Skills:
 - Level 3.0 Fighting
 + Level 5.2 Maces & Flails
 - Level 3.0 Armour
 - Level 3.0 Shields


You had 4 spell levels left.
You didn't know any spells.

Dungeon Overview and Level Annotations

Branches:
Dungeon (4/15)
 Temple: D:4-7

Altars:
Ashenzari
Elyvilon
Gozag
Hepliaklqana
Uskayaw
Yredelemnul
Zin
The Shining One

Shops:
D:3 *

Annotations:
D:2 1 runed door
D:3 Pikel


Message History

Your shield and scale mail prevent you from hitting Pikel.
Pikel barely misses you. The slave hits you but does no damage.
You closely miss Pikel. Pikel hits you with a whip of flaming. Pikel burns you.
The slave completely misses you.
You barely miss Pikel. Pikel hits you with a whip of flaming. Pikel burns you.
The slave hits you but does no damage. Pikel hits you with a whip of flaming.
Pikel burns you. You block the slave's attack.
You feel very mighty all of a sudden.
Pikel says, "Who am I kidding?
They'll work you to death!" You block Pikel's attack. The slave hits you!
You miss Pikel. Pikel hits you with a whip of flaming. Pikel burns you.
* * * LOW HITPOINT WARNING * * *
You block the slave's attack.
As you read the scroll of teleportation, it crumbles to dust.
You feel strangely unstable.
Pikel cracks his whip.
Pikel closely misses you. The slave hits you!
* * * LOW HITPOINT WARNING * * *
You block Pikel's attack. The slave hits you.
You die...

≈≈≈..## #########............#.
......#####...............>#####.
............#######........# #.
.......######## #........# #.
..............#####........# ##
..............#...#...)....#
..>...........#...#........#
..............#...#........#
........#######.@K#........#
.......## #..p>##.#.#####
........######.#####...# #######
.......)..............#####......
............................####.
........###.####..############...
........###.##...## #..##
##.....#....##.### ##....
...###.#.#####.# #...##


You could see Pikel and a slave.

Vanquished Creatures
  Robin (D:3)
  3 adders (D:2)
  An ooze (D:1)
  4 worms (D:2)
  4 dart slugs
  7 bats
  3 giant cockroaches
  14 goblins
  11 hobgoblins
  3 quokkas (D:2)
  6 frilled lizards
  A goblin skeleton (D:2)
  13 kobolds
  5 rats
76 creatures vanquished.

Notes
Turn   | Place    | Note
-------+----------+-------------------------------------------
     0 | D:1      | HawkI the Human Fighter began the quest for the Orb.
     0 | D:1      | Reached XP level 1. HP: 18/18 MP: 1/1
     3 | D:1      | Noticed an anaconda
     6 | D:1      | Noticed a death yak
   153 | D:1      | Reached XP level 2. HP: 22/24 MP: 2/2
   249 | D:1      | Reached skill level 3 in Maces & Flails
   381 | D:1      | Reached XP level 3. HP: 28/29 MP: 3/3
   790 | D:2      | Found a white marble altar of Elyvilon.
   798 | D:2      | Reached skill level 4 in Maces & Flails
   798 | D:2      | Reached XP level 4. HP: 31/35 MP: 4/4
   818 | D:2      | Found a runed door.
   818 | D:2      | Noticed a human
   830 | D:2      | Found a basalt altar of Yredelemnul.
   881 | D:2      | Found a shattered altar of Ashenzari.
  1318 | D:2      | Noticed a dagger
  1319 | D:2      | Noticed a dagger
  1322 | D:2      | Found a hide-covered altar of Uskayaw.
  1442 | D:2      | Reached XP level 5. HP: 38/41 MP: 5/5
  1467 | D:2      | Found a glowing golden altar of the Shining One.
  1510 | D:2      | Found a hazy altar of Hepliaklqana.
  1579 | D:3      | Noticed Robin
  1746 | D:2      | Reached skill level 5 in Maces & Flails
  1868 | D:3      | Killed Robin
  1978 | D:3      | Found an opulent altar of Gozag.
  1985 | D:3      | Found Gozag's Platinum Reserve.
  2306 | D:3      | Found a glowing silver altar of Zin.
  2307 | D:3      | Found a basalt altar of Yredelemnul.
  2364 | D:4      | Noticed Pikel
  2364 | D:4      | Noticed a slave
  2364 | D:4      | Noticed a slave
  2364 | D:4      | Noticed a slave
  2364 | D:4      | Noticed a slave
  2373 | D:3      | HP: 2/41 [slave[Pikel] (8)]
  2374 | D:3      | Slain by a slave

Skill      XL: |  1  2  3  4  5 |
---------------+----------------+-----
Maces & Flails | 3 4 5 |  5.2
Fighting       | |  3.0
Armour         | |  3.0
Shields        | |  3.0

Action                   |  1- 3 |  4- 6 || total
-------------------------+-------+-------++-------
Melee: Flail             |   127 |   163 ||   290
  Use: Scroll            |       |     5 ||     5
       Potion            |       |     1 ||     1
  Eat: Chunk             |       |     5 ||     5
Armor: Scale mail        |    86 |    78 ||   164
Dodge: Dodged            |    43 |    30 ||    73
Block: Shield            |    73 |    78 ||   151
